 Dungeon Crawl Stone Soup version 0.32-a0-7-ge934b4519a (webtiles) character file.

Game seed: 1301857295943434548

14 Aldia the Trooper (level 2, -1/31 HPs)
             Began as an Oni Warper on Jan 14, 2024.
             Slain by an adder (2 damage)
             ... on level 1 of the Dungeon.
             The game lasted 00:02:37 (696 turns).

Aldia the Trooper (Oni Warper)                       Turns: 696, Time: 00:02:38

Health: -1/31      AC:  3    Str: 14    XL:     2   Next: 45%
Magic:  5/5        EV:  9    Int: 14    God:
Gold:   64         SH:  0    Dex:  8    Spells: 3/5 levels left

rFire   . . .        a - +0 mace
rCold   . . .        (no shield)
rNeg    . . .        b - +0 robe
rPois   .            (helmet restricted)
rElec   .            (no cloak)
rCorr   .            (gloves unavailable)
SInv    .            (boots unavailable)
Will    .....        (no amulet)
Stlth   +            (no ring)
HPRegen 0.25/turn    (no ring)
MPRegen 0.09/turn

%: no passive effects
@: lethally poisoned (-1 -> -5)
A: large, unfitting armour, horns 1, tough skin 1, double potion healing,
drunken brawling
a: no special abilities


You were on level 1 of the Dungeon.
You visited 1 branch of the dungeon, and saw 2 of its levels.

You collected 64 gold pieces.

Inventory:

Hand Weapons
 a - a +0 mace (weapon)
Missiles
 d - 13 darts of dispersal (quivered)
 e - 5 javelins
Armour
 b - a +0 robe (worn)
Scrolls
 c - a scroll of blinking


   Skills:
 + Level 3.0 Fighting
 * Level 2.5 Maces & Flails
 - Level 1.0 Throwing
 - Level 2.1 Dodging
 - Level 2.4 Spellcasting
 + Level 2.9 Translocations


You had 3 spell levels left.
You knew the following spells:

 Your Spells              Type           Power      Damage    Failure   Level
a - Blink                 Tloc           18%        N/A       11%         2

Your spell library contained the following spells:

 Spells                   Type           Power      Damage    Failure   Level
 Lesser Beckoning         Tloc           18%        N/A       11%         2
 Gell's Gravitas          Tloc           9%         N/A       21%         3
 Teleport Other           Tloc           9%         N/A       21%         3
 Manifold Assault         Tloc           9%         N/A       56%         4
 Vhi's Electric Charge    Tloc/Air       10%        N/A       77%         4


Dungeon Overview and Level Annotations

Branches:
Dungeon (2/15)

Altars:


Innate Abilities, Weirdness & Mutations

You are too large for most types of armour.
You have a pair of small horns on your head.
You have tough skin. (AC +1)
You gain doubled healing and magic from potions.
Whenever you drink a healing potion, you attack all around you.


Message History

The adder is moderately wounded.
The adder bites you but does no damage.
You closely miss the adder.
The adder is moderately wounded.
The adder bites you. The adder bites you but does no damage.
You miss the adder.
The adder is moderately wounded.
The goblin hits you but does no damage. The adder closely misses you.
The goblin barely misses you.
You miss the adder.
The adder is moderately wounded.
The adder closely misses you. The adder bites you.
You are poisoned.
The adder poisons you! The goblin hits you with a +0 dagger.
A hobgoblin comes into view.
You are too injured to fight recklessly!
Unknown command.
You feel sick.
The hobgoblin shouts!
The adder misses you. The goblin barely misses you.
You climb upwards.
You feel sick.
There is a stone staircase leading down here.
Unknown command.
You sock the adder!
The adder is almost dead.
You feel sick. The adder bites you.
* * * LOW HITPOINT WARNING * * *
The goblin hits you with a +0 dagger.
* * * LOW HITPOINT WARNING * * *
The adder bites you.
* * * LOW HITPOINT WARNING * * *
You are lethally poisoned!
The adder poisons you!
You aren't carrying any potions.
You barely miss the adder. Your headbutt misses the adder.
The adder is almost dead.
* * * LOW HITPOINT WARNING * * *
You feel very sick. The adder bites you.
You die...

#.....#.#.#..................
#......#.#...................
#.......#....................
#.......................#....
#.......................#....
##.....##......###......#....
##.....#...............#.....
#..........g...........#.....
#...........@S.........#.....
#.....)....##+#........#.....
#.............+........'.....
#............##........#.....
##...........##........#.....
#.........####..............
#..............#####........
###...........................
#.....##......................


You could see an adder and a goblin.

Vanquished Creatures
  A giant cockroach (D:1)
  3 goblins (D:1)
  2 hobgoblins (D:1)
  A ball python (D:1)
  2 bats (D:1)
  2 frilled lizards (D:1)
  2 kobolds (D:1)
  A rat (D:1)
14 creatures vanquished.

Notes
Turn   | Place    | Note
-------+----------+-------------------------------------------
     0 | D:1      | Aldia the Oni Warper began the quest for the Orb.
     0 | D:1      | Reached XP level 1. HP: 22/22 MP: 3/3
   174 | D:1      | Reached XP level 2. HP: 28/29 MP: 5/5
   212 | D:1      | Reached skill level 3 in Fighting
   660 | D:1      | Learned a level 2 spell: Blink
   696 | D:1      | HP: 1/31 [poisoned by an adder]
   696 | D:1      | Slain by an adder

Illustrated notes

Levels and vault maps discovered:
D:1:      dpeg_arrival_shelter, layout_basic, minmay_misc_feat_roman,
          minmay_misc_feat_enclosed, nicolae_the_louvre
D:2:      layout_rooms, basic_altar, nrook_loot_triangle, uniq_natasha

Skill      XL: |  1  2 |
---------------+-------+-----
Fighting       | 3 |  3.0
Maces & Flails | |  2.5
Throwing       | |  1.0
Dodging        | |  2.1
Spellcasting   | |  2.4
Translocations | |  2.9

Action                     || total
---------------------------++-------
  Melee: Mace              ||    46
         Headbutt          ||     3
   Stab: Sleeping          ||     1
 Armour: Robe              ||    43
  Dodge: Dodged            ||    28

Table legend: (Time is in decaauts)
 A = Elapsed time spent in this place.
 B = Non-inter-level travel time spent in this place.
 C = Inter-level travel time spent in this place.
 D = Time resting spent in this place.
 E = Time spent auto-exploring this place.
 F = Levels seen in this place.
 G = Mean time per level.
                   A        B        C        D        E       F      G
               +--------+--------+--------+--------+--------+-----+--------+
         Total |    709 |    682 |     27 |      0 |    557 |   2 |  354.5 |
       Dungeon |    709 |    682 |     27 |      0 |    557 |   2 |  354.5 |
               +--------+--------+--------+--------+--------+-----+--------+

Top non-repeatable levels by time:
     D:1: 694 daAuts
     D:2: 15 daAuts
